 Dungeon Crawl Stone Soup version 0.29.1-15-g9cfb28693d (webtiles) character file.

Game seed: 2553329524461012301

59 kingofthe the Sneak (level 3, -5/16 HPs)
             Began as a Spriggan Enchanter on Mar 13, 2023.
             Slain by Natasha (6 damage)
             ... on level 2 of the Dungeon.
             The game lasted 00:06:21 (1944 turns).

kingofthe the Sneak (Spriggan Enchanter)            Turns: 1944, Time: 00:06:22

Health: -5/16      AC:  3    Str:  4    XL:     3   Next: 78%
Magic:  8/8        EV: 18    Int: 16    God:
Gold:   86         SH:  0    Dex: 17    Spells: 6/8 levels left

rFire   . . .      SeeInvis +   a - +1 dagger
rCold   + . .      Faith    .   (no shield)
rNeg    . . .      Spirit   .   d - +1 robe of Crawling {rC+ SInv}
rPois   .          Reflect  .   (helmet restricted)
rElec   .          Harm     .   (no cloak)
rCorr   .          Rampage  .   (gloves unavailable)
Will    .....                   (boots unavailable)
Stlth   +++.......              (no amulet)
HPRegen 0.05/turn               (no ring)
MPRegen 0.11/turn               (no ring)

@: slowed, quick
A: very small, no large weapons, unfitting armour, see invisible, speed 3
a: no special abilities


You were on level 2 of the Dungeon.
You visited 1 branch of the dungeon, and saw 2 of its levels.

You collected 86 gold pieces.


Innate Abilities, Weirdness & Mutations

You are very small and have problems with some larger weapons.
You are too small for most types of armour.
You have supernaturally acute eyesight. (SInv)
You cover ground extremely quickly. (Speed+++)


   Skills:
 - Level 1.1 Short Blades
 * Level 4.1 Dodging
 * Level 5.8 Stealth
 + Level 3.0 Spellcasting
 + Level 3.8 Hexes


You had 6 spell levels left.
You knew the following spells:

 Your Spells              Type           Power      Damage    Failure   Level
a - Ensorcelled Hibernat  Hex/Ice        16%        N/A       13%         2

Your spell library contained the following spells:

 Spells                   Type           Power      Damage    Failure   Level
 Confusing Touch          Hex            14%        N/A       12%         3
 Tukima's Dance           Hex            14%        N/A       12%         3
 Summon Small Mammal      Summ           8%         N/A       19%         1
 Dazzling Flash           Conj/Hex       16%        N/A       26%         3
 Summon Guardian Golem    Hex/Summ       8%         N/A       26%         3
 Call Canine Familiar     Summ           2%         N/A       50%         3

Inventory:

Hand Weapons
 a - a +1 dagger (weapon)
 h - the +5 quarterstaff of Autumn {vorpal, Will+}
   (You found it on level 2 of the Dungeon)

   It inflicts extra damage upon your enemies.
   Will:      It increases your willpower.
Armour
 d - the +1 robe of Crawling (worn) {rC+ SInv}
   (You found it on level 1 of the Dungeon)

   rC:        It protects you from cold.
   SInv:      It lets you see invisible.
Wands
 m - a wand of roots (12)
Scrolls
 b - 2 scrolls of teleportation {unknown}
 e - 2 scrolls of magic mapping {unknown}
 f - a scroll of identify {unknown}
 g - a scroll of blinking {unknown}
 i - a scroll of noise {unknown}
 j - a scroll of poison {unknown}
 k - a scroll of enchant armour {unknown}
Potions
 c - 2 potions of invisibility
 l - a potion of mutation {unknown}

Dungeon Overview and Level Annotations

Branches:
Dungeon (2/15)

Altars:

Shops:
D:2 *

Annotations:
D:2 Natasha

...........#
#........#.#
.....#######
#.###.####.#
###### ####!#
#......#
#....###.######
#.#....#.#
##### #
#.##.#.# ##...#
#.# .#.# .....#
#h# #.# .....#
#@# #.# .....#
#.# #.# ...###
#<# #)# ...#
### #.# ...####
#.# #.....##
#.# #####..#
#.# ##.# ###.#
#.## #...#


You could see Natasha.


Message History

Magic restored.
Things that are here:
a +0 club; a goblin corpse
There is a large open door here.
Found 6 stones.
There is a large open door here.
Partly explored, can't reach some items and places.
Partly explored, can't reach some items and places.
Things that are here:
a +0 club; a goblin corpse
There is a large open door here.
You see here a rat skeleton.
There is an open door here.
You see here a +0 whip.
Okay, then.
Really walk into a travel-excluded area?
You see here a fuming purple potion.
Found a stone staircase leading up.
Natasha stares at you and mumbles some strange words.
You feel yourself slow down.
You closely miss Natasha. Natasha claws you but does no damage.
You closely miss Natasha. Natasha closely misses you. Natasha claws you!
You closely miss Natasha. Natasha claws you.
* * * LOW HITPOINT WARNING * * *
Natasha misses you. Natasha barely misses you.
Natasha attacks as you move away! Natasha claws you.
* * * LOW HITPOINT WARNING * * *
Natasha attacks as you move away! Natasha claws you.
You die...

Skill      XL: |  1  2  3 |
---------------+----------+-----
Dodging        | 3 4 |  4.1
Stealth        | 5 |  5.8
Spellcasting   | 3 |  3.0
Short Blades   | |  1.1
Hexes          | |  3.8

Action                   || total
-------------------------++-------
Melee: Dagger            ||   131
 Cast: Ensorcelled Hiber ||     7
 Stab: Sleeping          ||    13
       Distracted        ||     1
Armor: Robe              ||    17
Dodge: Dodged            ||   121

Levels and vault maps discovered:
D:1:      evilmike_arrival_plus, layout_rooms, shapermc_ecumenical_altar_petra,
          dk_noncrumbling_4, minmay_door_square
D:2:      layout_basic, serial_shops, nicolae_shop_statue_plus,
          kennysheep_big_empty_room, minmay_tetromino_i2, uniq_natasha

Notes
Turn   | Place    | Note
-------+----------+-------------------------------------------
     0 | D:1      | kingofthe the Spriggan Enchanter began the quest for the
                  | Orb.
     0 | D:1      | Reached XP level 1. HP: 9/9 MP: 5/5
   198 | D:1      | Reached skill level 3 in Dodging
   259 | D:1      | Identified the +1 robe of Crawling {rC+ SInv}
   323 | D:1      | Reached XP level 2. HP: 13/13 MP: 6/6
   337 | D:1      | Learned a level 2 spell: Ensorcelled Hibernation
   395 | D:1      | Reached skill level 5 in Stealth
  1158 | D:1      | Found a faded altar of an unknown god.
  1199 | D:2      | Found Qupt's General Store.
  1210 | D:2      | Reached XP level 3. HP: 16/16 MP: 8/8
  1268 | D:2      | Noticed Natasha
  1305 | D:2      | Identified the +5 quarterstaff of Autumn {vorpal, Will+}
  1763 | D:2      | Identified the +1 leather armour of Fukagg {-Cast rN++}
  1782 | D:2      | Reached skill level 4 in Dodging
  1792 | D:2      | Reached skill level 3 in Spellcasting
  1942 | D:2      | HP: 1/16 [Natasha (4)]
  1944 | D:2      | Slain by Natasha

Vanquished Creatures
  An adder (D:2)
  2 dart slugs
  5 endoplasms
  A giant cockroach (D:2)
  3 hobgoblins
  4 jackals (D:1)
  3 quokkas
  5 ball pythons
  6 bats
  3 goblins
  7 kobolds
  A rat (D:2)
41 creatures vanquished.

Vanquished Creatures (others)
  A plant (D:1)
1 creature vanquished.

Grand Total: 42 creatures vanquished

Table legend: (Time is in decaauts)
 A = Elapsed time spent in this place.
 B = Non-inter-level travel time spent in this place.
 C = Inter-level travel time spent in this place.
 D = Time resting spent in this place.
 E = Time spent auto-exploring this place.
 F = Levels seen in this place.
 G = Mean time per level.
                   A        B        C        D        E       F      G
               +--------+--------+--------+--------+--------+-----+--------+
         Total |   1525 |   1464 |     61 |    417 |    719 |   2 |  762.5 |
       Dungeon |   1525 |   1464 |     61 |    417 |    719 |   2 |  762.5 |
               +--------+--------+--------+--------+--------+-----+--------+

Top non-repeatable levels by time:
     D:1: 975 daAuts
     D:2: 550 daAuts

Table legend:
 A = Non-vault XP
 B = Vault XP
 C = Vault XP percentage of total XP
 D = Non-vault monster count
 E = Vault monster count
 F = Vault count percentage of total count
                 A         B        C        D         E       F
            +---------+---------+-------+---------+---------+-------
      Total |      85 |       0 |   0.0 |      41 |       0 |   0.0
            +---------+---------+-------+---------+---------+-------
        D:1 |      37 |       0 |   0.0 |      20 |       0 |   0.0
        D:2 |      48 |       0 |   0.0 |      21 |       0 |   0.0
            +---------+---------+-------+---------+---------+-------
